 Dungeon Crawl Stone Soup version 0.29.1-13-g9f3cf754e1 (webtiles) character file.

Game seed: 8422811976939628000

2341 khekkus the Cleaver (level 9, -4/78 HPs)
             Began as a Hill Orc Fighter on Jan 30, 2023.
             Was an Initiate of Okawaru.
             Killed from afar by a steam dragon (6 damage)
             ... with a ball of steam
             ... on level 7 of the Dungeon.
             The game lasted 00:19:40 (7179 turns).

khekkus the Cleaver (Hill Orc Fighter)              Turns: 7179, Time: 00:19:41

Health: -4/78      AC: 12    Str: 23    XL:     9   Next: 43%
Magic:  9/9        EV:  7    Int:  8    God:    Okawaru [......]
Gold:   429        SH: 10    Dex: 10    Spells: 8/8 levels left

rFire   . . .      SeeInvis .   a - +1 war axe
rCold   + . .      Faith    .   c - +0 buckler
rNeg    . . .      Spirit   .   F - +0 chain mail
rPois   .          Reflect  +   (no helmet)
rElec   .          Harm     .   (no cloak)
rCorr   +          Rampage  .   z - +1 pair of gloves
Will    .....                   (no boots)
Stlth   ..........              p - amulet of reflection
HPRegen 0.23/turn               j - ring of protection from cold
MPRegen 0.11/turn               A - ring of resist corrosion

@: no status effects
A: no striking features
a: Renounce Religion


You were on level 7 of the Dungeon.
You worshipped Okawaru.
Okawaru was noncommittal.
You visited 1 branch of the dungeon, and saw 7 of its levels.

You collected 429 gold pieces.

Inventory:

Hand Weapons
 a - a +1 war axe (weapon)
 B - the +8 whip of Bikankuja {distort, Int+4}
   (You found it on level 4 of the Dungeon)

   It warps and distorts space around it, and may blink, banish, or inflict
   extra damage upon those it strikes.
   Unwielding it can cause banishment or high damage.
   Int:       It affects your intelligence (+4).
Missiles
 g - 79 stones
 h - 12 poisoned darts
 n - 3 atropa-tipped darts
 O - a curare-tipped dart (quivered)
Armour
 c - a +0 buckler (worn)
 z - a +1 pair of gloves (worn)
 F - a +0 chain mail (worn)
 J - the +2 leather armour of Impressiveness {Slay+6}
   (You found it on level 6 of the Dungeon)

   Slay:      It affects your accuracy & damage with ranged weapons and melee
   (+6).
Jewellery
 j - a ring of protection from cold (left hand)
 p - an amulet of reflection (around neck)
 t - an amulet of magic regeneration
 x - a +6 ring of intelligence
 A - a ring of resist corrosion (right hand)
 D - a ring of positive energy
Wands
 u - a wand of charming (12)
 E - a wand of roots (4)
 H - a wand of light (2)
Scrolls
 f - 3 scrolls of teleportation
 l - 3 scrolls of immolation
 v - a scroll of magic mapping
 w - 2 scrolls of fear
 G - a scroll of poison
 I - 2 scrolls of vulnerability
 L - a scroll of blinking
Potions
 d - a potion of ambrosia {unknown}
 e - 5 potions of curing
 k - a potion of brilliance
 m - 2 potions of attraction {unknown}
 o - a potion of haste {unknown}
 s - 3 potions of heal wounds {unknown}


   Skills:
 * Level 6.7 Fighting
 * Level 10.1 Axes
 + Level 3.5 Throwing
 * Level 6.2 Armour
 * Level 6.1 Shields
 + Level 3.0 Evocations


You had 8 spell levels left.
You didn't know any spells.
Your spell library contained the following spells:

 Spells                   Type           Power      Damage    Failure   Level
 Apportation              Tloc           0%         N/A       98%         1
 Magic Dart               Conj           0%         1d3       98%         1
 Necrotise                Necr           0%         1d4       98%         1
 Slow                     Hex            0%         N/A       98%         1
 Confusing Touch          Hex            0%         N/A       100%        3
 Mephitic Cloud           Conj/Pois/Air  0%         N/A       100%        3
 Vampiric Draining        Necr           0%         2d6       100%        3
 Summon Small Mammal      Summ           Unusable   N/A       N/A         1
 Call Imp                 Summ           Unusable   N/A       N/A         2

Dungeon Overview and Level Annotations

Branches:
Dungeon (7/15)
 Temple: D:4-7

Altars:
Dithmenos
Elyvilon
Okawaru
Qazlal
Wu Jian
Xom

Shops:
D:2 [

Annotations:
D:5 Sigmund


Message History

The orc warrior hits you with a +0 long sword.
You slash the orc warrior!
You kill the orc warrior!
Okawaru accepts your kill.
Your Evocations skill increases to level 3!
You start resting.
A steam dragon is nearby!
The steam dragon breathes steam at you. The ball of steam hits you!!
* * * LOW HITPOINT WARNING * * *
You closely miss the steam dragon.
You are engulfed in a cloud of scalding steam.
The steam dragon bites you but does no damage.
You block the steam dragon's attack.
You hit the steam dragon.
The steam dragon is lightly wounded.
The steam dragon breathes steam at you. The ball of steam hits you!
* * * LOW HITPOINT WARNING * * *
The steam dragon bites you but does no damage.
The steam dragon claws you.
* * * LOW HITPOINT WARNING * * *
You hit the steam dragon.
The steam dragon is lightly wounded.
You block the steam dragon's attack. The steam dragon barely misses you.
Okay, then.
You closely miss the steam dragon.
The steam dragon is lightly wounded.
You block the steam dragon's attack. x2
You barely miss the steam dragon.
The steam dragon is lightly wounded.
The steam dragon bites you but does no damage.
The steam dragon claws you but does no damage.
The steam dragon bites you but does no damage.
The steam dragon claws you but does no damage.
You slash the steam dragon!
The steam dragon is moderately wounded.
The steam dragon breathes steam at you. The ball of steam hits you.
You die...

###..#
#.###...##.#
#### #..#
#^##.......#
....# ##.#
#....##.####
. ...# #.#
#######.# #
#$o#..##.#
#§#.#§#
#$g.'..#
##.##
#$..'..#
#§#._.#§#
#$$#..##D#
###...###
....##.@#
#####..
YD..##..##
#§####
#####...#
### #..#.#
#.##.#
#.##.# #####
#....# #....
###..# #.###
#.### #.#


You could see a steam dragon (catching breath).

Vanquished Creatures
  Menkaure (D:6)
  An orc warrior (D:7)
  2 sky beasts
  An ice beast (D:6)
  3 ogres
  2 centaurs
  2 phantoms (D:6)
  Blork the orc (D:5)
  5 bullfrogs
  2 kobold brigands (D:6)
  A necrophage (D:6)
  4 wights
  3 hounds
  2 jellies
  A gnoll bouda (D:7)
  3 iguanas
  2 orc wizards (D:6)
  12 adders
  2 shadow imps
  An ufetubus (D:6)
  4 worms
  A dart slug (D:3)
  3 orcs
  8 bats
  6 endoplasms
  5 giant cockroaches
  5 goblins
  12 hobgoblins
  3 quokkas
  3 ball pythons
  A frilled lizard (D:3)
  16 kobolds
  2 rats (D:2)
120 creatures vanquished.

Notes
Turn   | Place    | Note
-------+----------+-------------------------------------------
     0 | D:1      | khekkus the Hill Orc Fighter began the quest for the Orb.
     0 | D:1      | Reached XP level 1. HP: 19/19 MP: 1/1
    96 | D:1      | Reached skill level 3 in Axes
   257 | D:1      | Reached XP level 2. HP: 25/26 MP: 2/2
   440 | D:1      | Reached skill level 4 in Axes
  1020 | D:1      | Reached XP level 3. HP: 23/31 MP: 3/3
  1259 | D:2      | Found a stormy altar of Qazlal.
  1300 | D:2      | Reached skill level 5 in Axes
  1548 | D:2      | Found Taesilaff's Armour Boutique.
  1683 | D:2      | Reached XP level 4. HP: 39/39 MP: 4/4
  1831 | D:2      | Reached skill level 6 in Axes
  1839 | D:2      | Found a faded altar of an unknown god.
  2250 | D:3      | Reached skill level 1 in Throwing
  2250 | D:3      | Reached XP level 5. HP: 31/45 MP: 5/5
  2449 | D:3      | Found a shimmering altar of Xom.
  2603 | D:3      | Found a shimmering altar of Xom.
  2605 | D:3      | Found a shimmering altar of Xom.
  2606 | D:3      | Found a shimmering altar of Xom.
  2606 | D:3      | Found a shimmering altar of Xom.
  2609 | D:3      | Found a shimmering altar of Xom.
  2659 | D:3      | HP: 2/45 [poisoned by an orc]
  3636 | D:4      | Identified the +8 whip of Bikankuja {distort, Int+4}
  3720 | D:4      | Noticed an ogre
  3730 | D:4      | Killed an ogre
  3731 | D:4      | Reached skill level 7 in Axes
  3731 | D:4      | Reached XP level 6. HP: 39/51 MP: 6/6
  4140 | D:5      | Entered Level 5 of the Dungeon
  4152 | D:4      | Reached skill level 8 in Axes
  4380 | D:5      | Noticed Sigmund
  4491 | D:5      | Noticed Blork the orc
  4509 | D:5      | Killed Blork the orc
  4510 | D:5      | Reached XP level 7. HP: 45/59 MP: 7/7
  4851 | D:5      | Found a shadowy altar of Dithmenos.
  4994 | D:6      | Reached skill level 1 in Evocations
  5241 | D:6      | Identified the +2 leather armour of Impressiveness {Slay+6}
  5272 | D:6      | Reached XP level 8. HP: 49/67 MP: 8/8
  5274 | D:6      | Reached skill level 5 in Fighting
  5408 | D:6      | Reached skill level 9 in Axes
  5503 | D:6      | Reached skill level 5 in Armour
  5648 | D:6      | Reached skill level 5 in Shields
  5815 | D:6      | Noticed Menkaure
  5819 | D:6      | Killed Menkaure
  5860 | D:6      | Reached XP level 9. HP: 61/75 MP: 9/9
  6915 | D:7      | Found a white marble altar of Elyvilon.
  6917 | D:7      | Found an iron altar of Okawaru.
  6949 | D:7      | Became a worshipper of Warmaster Okawaru
  6963 | D:7      | Found an ornate altar of the Wu Jian Council.
  7139 | D:7      | Reached skill level 10 in Axes
  7174 | D:7      | HP: 2/78 [steam dragon/ball of steam (15)]
  7179 | D:7      | Killed from afar by a steam dragon

Illustrated notes

Levels and vault maps discovered:
D:1:      dpeg_arrival_arbitrary_b, layout_basic, dreamdust_princess_bridge
D:2:      layout_loops_ring, hellmonk_ecumenical_altar_heavens_door,
          basic_altar, serial_shops,
          nicolae_shop_temple_entry_statues_fountains, minmay_misc_feat_cross
D:3:      layout_loops_ring, xom_redecorated, minmay_distorted
D:4:      layout_basic
D:5:      nicolae_cairo_tiling_large, layout_basic,
          nicolae_dithmenos_shadow_blocks, temple_doors_ab, uniq_blork_the_orc,
          uniq_sigmund, uniq_crazy_yiuf_cottage
D:6:      layout_loops_ring, uniq_menkaure
D:7:      minmay_polygon_palace, layout_basic, pdpol_wu_jian_five_deadly_venoms,
          grunt_temple_overflow_open, hangedman_decor_opposing

Skill      XL: |  1  2  3  4  5  6  7  8  9 |
---------------+----------------------------+-----
Axes           | 3 4 5 6 7 8 9 10 | 10.1
Throwing       | 1 2 3 |  3.5
Fighting       | 4 6 |  6.7
Evocations     | 1 2 3 |  3.0
Armour         | 4 5 6 |  6.2
Shields        | 4 5 6 |  6.1

Action                   |  1- 3 |  4- 6 |  7- 9 || total
-------------------------+-------+-------+-------++-------
Melee: War axe           |    97 |   145 |   244 ||   486
Throw: Dart              |       |    12 |     3 ||    15
Evoke: Wand              |       |       |     6 ||     6
  Use: Potion            |       |     4 |       ||     4
       Scroll            |       |     1 |    14 ||    15
 Stab: Invisible         |       |     1 |     1 ||     2
Armor: Scale mail        |    49 |    44 |       ||    93
       Chain mail        |       |    11 |    98 ||   109
Dodge: Dodged            |    58 |    54 |    51 ||   163
Block: Buckler           |    31 |    56 |   111 ||   198
       Reflection        |       |     2 |     4 ||     6
